Capitals vs Avalanche
Created - June 17, 2022 at 19:11
Goals
|
| Capitals |
3 |
0 |
0 |
0 |
0 |
3 |
| Avalanche |
1 |
1 |
1 |
0 |
1 |
4 |
|
Shots
|
| Capitals |
9 |
11 |
9 |
0 |
3 |
29 |
| Avalanche |
13 |
9 |
8 |
0 |
3 |
30 |
|
1st period
1. Capitals , Brad Richardson 16 (Alexander Radulov 28, Alexei Marchenko 20) at 2:26
2. Avalanche , Mikkel Boedker 46 (Bryan Little 54) at 5:03
3. Capitals , Blake Pietila 15 (Brad Richardson 19) at 9:52
4. Capitals , Patrick Kane 35 (Nikita Zaitsev 19) at 11:08 (PP)
Penalties :
Joel Edmundson (Col) for Roughing (Minor) at 7:39, Colten Teubert (Col) for Elbowing (Minor) at 10:35, Erik Karlsson (Col) for Roughing (Minor) at 19:26
2nd period
5. Avalanche , Bryan Little 34 (Mikkel Boedker 64, James Van Riemsdyk 14) at 18:40
Penalties :
Ilya Kovalchuk (Col) for Interference (Minor) at 9:51, Patric Hornqvist (Col) for Holding (Minor) at 16:02
3rd period
6. Avalanche , Ilya Kovalchuk 23 (Charlie Coyle 35) at 13:25
Penalties :
James Van Riemsdyk (Col) for High sticking (Minor) at 8:20, Mark Stone (Was) for Tripping (Minor) at 16:08
Overtime #1
No Goal
Penalties :
No Penalty
Shootout
Capitals, Jason Spezza - Shot Misses the Net
Avalanche, Mikkel Boedker - Shot Misses the Net
Capitals, Cody Hodgson - Stopped by Cam Ward
Avalanche, Patric Hornqvist - Shot Misses the Net
Capitals, Patrick Kane - Stopped by Cam Ward
Avalanche, Ilya Kovalchuk - Goal!
Penalties :
No Penalty
Goalie Stats
Cory Schneider (Was), 27 saves from 30 shots - (0.900), OTL, 26-20-12, 65:00 minutes
Cam Ward (Col), 26 saves from 29 shots - (0.897), W, 28-19-3, 65:00 minutes
Players Stats for Capitals
Player Name G A P +/- PIM S H SB GA TA FO MP PP MP PK MP
------------------------------------------------------------------------------------
Alexander Radulov 0 1 1 1 0 2 2 0 0 0 2/2 10:09 0:01 0:00
Alexei Marchenko 0 1 1 0 0 0 0 3 0 0 0/0 18:58 0:00 0:52
Blake Pietila 1 0 1 1 0 2 2 0 0 0 0/0 12:04 0:01 0:34
Brad Richardson 1 1 2 1 0 2 0 0 0 0 3/4 11:32 0:01 0:36
Cameron Gaunce 0 0 0 -1 0 0 2 0 1 1 0/0 18:29 3:42 0:00
Cody Hodgson 0 0 0 -1 0 2 0 0 0 0 14/29 24:15 5:41 0:24
Jared Spurgeon 0 0 0 0 0 0 2 3 1 1 0/0 16:00 0:00 0:00
Jason Spezza 0 0 0 0 0 1 2 2 0 0 0/2 19:05 5:41 0:24
Joe Thornton 0 0 0 -1 0 2 3 0 0 1 0/1 22:02 5:41 0:00
Logan Couture 0 0 0 0 0 1 0 1 2 0 5/7 18:53 4:46 0:59
Mark Stone 0 0 0 -1 2 1 1 0 0 0 0/0 10:16 0:00 0:00
Milan Michalek 0 0 0 0 0 2 1 1 0 0 0/2 15:50 4:46 0:00
Nikita Zaitsev 0 1 1 0 0 3 3 0 0 0 0/0 28:04 6:46 1:07
Patrick Kane 1 0 1 -1 0 4 4 0 1 1 2/3 23:58 4:46 1:01
Patrick Sharp 0 0 0 -1 0 2 0 0 0 0 2/2 9:58 0:00 0:00
Sergey Kalinin 0 0 0 -1 0 2 1 0 1 0 3/4 9:58 0:00 0:00
Trevor Daley 0 0 0 -1 0 1 0 1 0 2 0/0 20:30 3:42 0:52
Victor Hedman 0 0 0 0 0 2 2 1 1 0 0/0 27:59 6:46 1:07
Players Stats for Avalanche
Player Name G A P +/- PIM S H SB GA TA FO MP PP MP PK MP
------------------------------------------------------------------------------------
Bryan Little 1 1 2 2 0 4 2 0 0 0 13/25 20:07 1:01 3:23
Charlie Coyle 0 1 1 0 0 1 0 0 0 1 4/13 15:49 0:58 0:00
Colten Teubert 0 0 0 -1 2 1 1 1 0 2 0/0 21:48 0:34 3:34
Erik Karlsson 0 0 0 -1 2 3 0 2 0 0 0/0 21:08 0:34 2:54
Evgeny Dadonov 0 0 0 -1 0 0 3 0 0 0 0/0 13:22 0:00 0:00
Ilya Kovalchuk 1 0 1 0 2 3 3 0 0 1 0/0 19:44 0:58 2:37
Jack Johnson 0 0 0 1 0 4 2 1 0 2 0/0 30:36 1:25 6:46
James Van Riemsdyk 0 1 1 -1 2 1 2 0 0 0 0/0 13:41 0:00 1:26
Jarred Tinordi 0 0 0 1 0 0 1 2 1 0 0/0 13:30 0:00 0:56
Joel Edmundson 0 0 0 1 2 0 1 0 0 0 0/0 12:26 0:00 0:00
Luke Witkowski 0 0 0 0 0 0 2 1 1 0 0/0 9:20 0:00 2:20
Marc Staal 0 0 0 1 0 2 0 1 1 0 0/0 30:36 1:25 6:46
Martin Samuelsson 0 0 0 0 0 1 1 0 0 0 0/0 5:51 0:00 0:18
Mikkel Boedker 1 1 2 2 0 4 3 1 2 0 7/14 28:04 1:01 6:03
Patric Hornqvist 0 0 0 2 2 1 3 0 0 0 0/0 22:41 1:01 4:49
Pavel Buchnevich 0 0 0 0 0 0 0 0 0 0 0/0 3:00 0:00 0:00
Tomas Fleischmann 0 0 0 0 0 3 2 2 1 1 0/0 15:49 0:58 0:00
Vincent Trocheck 0 0 0 -1 0 2 0 0 0 0 1/4 11:53 0:00 0:00
3 Stars
1 - Mikkel Boedker (Col)
2 - Bryan Little (Col)
3 - Brad Richardson (Was)
Power Play
Capitals - 1 on 7 Attempt(s) - 14.29%
Avalanche - 0 on 1 Attempt(s) - 0.00%
Penalty Kill
Capitals - 1 on 1 Attempt(s) - 100.00%
- Score 0 goal in Penalty Kill
Avalanche - 6 on 7 Attempt(s) - 85.71%
- Score 0 goal in Penalty Kill
Team Stat
Capitals - Hits : 25 - Faceoff Wins : 31 - Blocked Shots : 12 - Penalty Minutes : 2
Avalanche - Hits : 26 - Faceoff Wins : 25 - Blocked Shots : 11 - Penalty Minutes : 12
Official
Referees : Jacob Brenk and TJ Luxmore
Linesman : Tony Sericolo and Ryan Galloway
Game Notes
2:50 of 1st period - Penalty Shot by Bryan Little for Avalanche - Stopped by Cory Schneider
Finance
Level 1 -- Attendance: 5641 (94.02%) -- Ticket Income $564,100
Level 2 -- Attendance: 5000 (100.00%) -- Ticket Income $300,000
Level 3 -- Attendance: 1823 (91.15%) -- Ticket Income $63,805
Level 4 -- Attendance: 3905 (97.63%) -- Ticket Income $97,625
Luxury Box -- Attendance: 996 (99.60%) -- Ticket Income $199,200
Game was played at the Pepsi Center.
Total Attendance: 17365 (96.47%)
Total Ticket Income: $1,224,730
Other Income: $183,710
Total Income: $1,408,440
Capitals
5 vs 5 Forward
Center Left Wing Right Wing Time % Phy DF OF
1 Cody Hodgson Joe Thornton Patrick Kane 35 0 1 4
2 Logan Couture Milan Michalek Jason Spezza 25 0 2 3
3 Brad Richardson Blake Pietila Alexander Radulov 20 0 2 3
4 Sergey Kalinin Patrick Sharp Mark Stone 20 0 3 2
5 vs 5 Defense
Defense Defense Time % Phy DF OF
1 Victor Hedman Nikita Zaitsev 35 0 3 2
2 Jared Spurgeon Alexei Marchenko 35 0 4 1
3 Trevor Daley Cameron Gaunce 25 0 4 1
4 Victor Hedman Nikita Zaitsev 5 0 3 2
PowerPlay Forward
Center Left Wing Right Wing Time % Phy DF OF
1 Cody Hodgson Joe Thornton Jason Spezza 60 0 1 4
2 Logan Couture Milan Michalek Patrick Kane 40 0 1 4
PowerPlay Defense
Defense Defense Time % Phy DF OF
1 Nikita Zaitsev Victor Hedman 60 0 2 3
2 Cameron Gaunce Trevor Daley 40 0 2 3
Penalty Kill 4 Players Forward
Center Wing Time % Phy DF OF
1 Logan Couture Patrick Kane 60 0 4 1
2 Cody Hodgson Jason Spezza 40 0 4 1
Penalty Kill 4 Players Defense
Defense Defense Time % Phy DF OF
1 Nikita Zaitsev Victor Hedman 60 0 4 1
2 Trevor Daley Alexei Marchenko 40 0 4 1
Penalty Kill - 3 Players Forward
Forward Time % Phy DF OF
1 Logan Couture 60 0 5 0
2 Patrick Kane 40 0 5 0
Penalty Kill - 3 Players Defense
Defense Defense Time % Phy DF OF
1 Nikita Zaitsev Victor Hedman 60 0 5 0
2 Trevor Daley Alexei Marchenko 40 0 5 0
4 vs 4 Forward
Center Wing Time % Phy DF OF
1 Cody Hodgson Patrick Kane 60 0 2 3
2 Logan Couture Jason Spezza 40 0 2 3
4 vs 4 Defense
Defense Defense Time % Phy DF OF
1 Nikita Zaitsev Victor Hedman 60 0 2 3
2 Alexei Marchenko Trevor Daley 40 0 2 3
Last Minutes Offensive
Center Left Wing Right Wing Defense Defense
Cody Hodgson Patrick Kane Jason Spezza Nikita Zaitsev Victor Hedman
Last Minutes Defensive
Center Left Wing Right Wing Defense Defense
Logan Couture Milan Michalek Jason Spezza Alexei Marchenko Nikita Zaitsev
Goaltenders
Starting : Cory Schneider
Backup : Chet Pickard
Extra Forwards
Normal : Patrick Kane, Jason Spezza, Logan Couture - PP : Patrick Kane, Jason Spezza - PK : Patrick Kane
Extra Defensemen
Normal : Victor Hedman, Nikita Zaitsev, Alexei Marchenko - PP : Alexei Marchenko - PK : Nikita Zaitsev, Alexei Marchenko
Penalty Shots
Jason Spezza, Cody Hodgson, Patrick Kane, Alexander Radulov, Victor Hedman
Scratches
Brian Ferlin (Healthy), Jujhar Khaira (Healthy), Martins Karsums (Healthy)
Avalanche
5 vs 5 Forward
Center Left Wing Right Wing Time % Phy DF OF
1 Bryan Little Mikkel Boedker Patric Hornqvist 40 1 2 2
2 Charlie Coyle Tomas Fleischmann Ilya Kovalchuk 30 1 2 2
3 Vincent Trocheck James Van Riemsdyk Evgeny Dadonov 20 1 2 2
4 Mikkel Boedker Martin Samuelsson Luke Witkowski 10 1 2 2
5 vs 5 Defense
Defense Defense Time % Phy DF OF
1 Jack Johnson Marc Staal 40 1 2 2
2 Erik Karlsson Colten Teubert 30 1 2 2
3 Joel Edmundson Jarred Tinordi 20 1 2 2
4 Jack Johnson Marc Staal 10 1 2 2
PowerPlay Forward
Center Left Wing Right Wing Time % Phy DF OF
1 Bryan Little Mikkel Boedker Patric Hornqvist 60 1 2 2
2 Charlie Coyle Tomas Fleischmann Ilya Kovalchuk 40 1 2 2
PowerPlay Defense
Defense Defense Time % Phy DF OF
1 Jack Johnson Marc Staal 60 1 2 2
2 Erik Karlsson Colten Teubert 40 1 2 2
Penalty Kill 4 Players Forward
Center Wing Time % Phy DF OF
1 Mikkel Boedker Patric Hornqvist 60 1 2 2
2 Bryan Little Ilya Kovalchuk 40 1 2 2
Penalty Kill 4 Players Defense
Defense Defense Time % Phy DF OF
1 Jack Johnson Marc Staal 60 1 2 2
2 Erik Karlsson Colten Teubert 40 1 2 2
Penalty Kill - 3 Players Forward
Forward Time % Phy DF OF
1 Mikkel Boedker 60 1 2 2
2 Patric Hornqvist 40 1 2 2
Penalty Kill - 3 Players Defense
Defense Defense Time % Phy DF OF
1 Jack Johnson Marc Staal 60 1 2 2
2 Erik Karlsson Colten Teubert 40 1 2 2
4 vs 4 Forward
Center Wing Time % Phy DF OF
1 Mikkel Boedker Patric Hornqvist 60 1 2 2
2 Bryan Little Ilya Kovalchuk 40 1 2 2
4 vs 4 Defense
Defense Defense Time % Phy DF OF
1 Jack Johnson Marc Staal 60 1 2 2
2 Erik Karlsson Colten Teubert 40 1 2 2
Last Minutes Offensive
Center Left Wing Right Wing Defense Defense
Bryan Little Mikkel Boedker Patric Hornqvist Jack Johnson Marc Staal
Last Minutes Defensive
Center Left Wing Right Wing Defense Defense
Bryan Little Mikkel Boedker Patric Hornqvist Jack Johnson Marc Staal
Goaltenders
Starting : Cam Ward
Backup : Semyon Varlamov
Extra Forwards
Normal : Pavel Buchnevich, Evgeny Dadonov, Luke Witkowski - PP : Pavel Buchnevich, Evgeny Dadonov - PK : Luke Witkowski
Extra Defensemen
Normal : Joel Edmundson, Jarred Tinordi, Erik Karlsson - PP : Joel Edmundson - PK : Jarred Tinordi, Erik Karlsson
Penalty Shots
Mikkel Boedker, Patric Hornqvist, Bryan Little, Ilya Kovalchuk, Charlie Coyle
Scratches
Kyle Turris (Healthy), Mattias Ekholm (Torn Left MCL Injury)
% Time on Ice - Capitals
Lines # - Real PCT - Wanted PCT - Time Play
Normal Forward
1 - 36% - 35% - 16:55
2 - 23% - 25% - 11:04
3 - 20% - 20% - 9:36
4 - 21% - 20% - 9:58
Normal Defense
1 - 36% - 35% - 17:10
2 - 37% - 35% - 17:22
3 - 26% - 25% - 12:21
4 - 1% - 5% - 0:40
PP Forward
1 - 54% - 60% - 5:42
2 - 46% - 40% - 4:46
PP Defense
1 - 65% - 60% - 6:46
2 - 35% - 40% - 3:42
PK Forward
1 - 80% - 60% - 1:35
2 - 20% - 40% - 0:24
PK Defense
1 - 56% - 60% - 1:07
2 - 44% - 40% - 0:52
PK3 Forward
1 - 0% - 60%
2 - 0% - 40%
PK3 Defense
1 - 0% - 60%
2 - 0% - 40%
44 Forward
1 - 93% - 60% - 4:40
2 - 7% - 40% - 0:20
44 Defense
1 - 62% - 60% - 3:07
2 - 38% - 40% - 1:53
Last Minute Offensive - 0:00
Last Minute Defensive - 0:00
Total
Forward - 65:00
Defense - 65:00
|
% Time on Ice - Avalanche
Lines # - Real PCT - Wanted PCT - Time Play
Normal Forward
1 - 32% - 40% - 15:16
2 - 31% - 30% - 14:51
3 - 25% - 20% - 11:53
4 - 12% - 10% - 5:33
Normal Defense
1 - 38% - 40% - 18:18
2 - 33% - 30% - 15:46
3 - 25% - 20% - 11:48
4 - 4% - 10% - 1:41
PP Forward
1 - 51% - 60% - 1:01
2 - 49% - 40% - 0:58
PP Defense
1 - 71% - 60% - 1:25
2 - 29% - 40% - 0:34
PK Forward
1 - 68% - 60% - 7:05
2 - 32% - 40% - 3:23
PK Defense
1 - 67% - 60% - 6:58
2 - 33% - 40% - 3:30
PK3 Forward
1 - 0% - 60%
2 - 0% - 40%
PK3 Defense
1 - 0% - 60%
2 - 0% - 40%
44 Forward
1 - 78% - 60% - 3:55
2 - 22% - 40% - 1:05
44 Defense
1 - 62% - 60% - 3:05
2 - 38% - 40% - 1:55
Last Minute Offensive - 0:00
Last Minute Defensive - 0:00
Total
Forward - 65:00
Defense - 65:00
|
Play-by-Play
1st period
0:01 of 1st period - Bryan Little wins face-off versus Cody Hodgson in neutral zone.
1:10 of 1st period - Icing by Victor Hedman.
1:11 of 1st period - Sergey Kalinin wins face-off versus Mikkel Boedker in Capitals zone.
1:11 of 1st period - Sergey Kalinin is hit by Mikkel Boedker.
1:35 of 1st period - Snap shot by Mikkel Boedker.
1:35 of 1st period - Stopped by Cory Schneider with a rebound.
2:26 of 1st period - Snap shot by Brad Richardson.
2:26 of 1st period - Goal by Brad Richardson - Capitals : 1 - Avalanche : 0.
2:27 of 1st period - Bryan Little wins face-off versus Patrick Kane in neutral zone.
2:50 of 1st period - Penalty Shot by Bryan Little for Avalanche.
2:50 of 1st period - Backhand shot by Bryan Little.
2:50 of 1st period - Stopped by Cory Schneider.
2:51 of 1st period - Charlie Coyle wins face-off versus Sergey Kalinin in Avalanche zone.
3:37 of 1st period - Slapshot by Patrick Sharp.
3:37 of 1st period - Stopped by Cam Ward without a rebound.
3:38 of 1st period - Cody Hodgson wins face-off versus Bryan Little in Avalanche zone.
3:47 of 1st period - Wrist shot by Patric Hornqvist.
3:47 of 1st period - Shot Misses the Net.
3:49 of 1st period - Snap shot by Mikkel Boedker.
3:49 of 1st period - Shot Blocked by Jared Spurgeon.
3:51 of 1st period - Slapshot by Erik Karlsson.
3:51 of 1st period - Stopped by Cory Schneider without a rebound.
3:52 of 1st period - Brad Richardson wins face-off versus Bryan Little in Capitals zone.
3:52 of 1st period - Brad Richardson is hit by Patric Hornqvist.
4:18 of 1st period - Tomas Fleischmann is hit by Cameron Gaunce and loses puck.
5:03 of 1st period - Wrist shot by Mikkel Boedker.
5:03 of 1st period - Goal by Mikkel Boedker - Capitals : 1 - Avalanche : 1.
5:04 of 1st period - Patrick Kane wins face-off versus Bryan Little in neutral zone.
5:16 of 1st period - Off-side.
5:17 of 1st period - Logan Couture wins face-off versus Bryan Little in neutral zone.
5:30 of 1st period - Slapshot by Victor Hedman.
5:30 of 1st period - Stopped by Cam Ward with a rebound.
5:42 of 1st period - Charlie Coyle is hit by Alexander Radulov and loses puck.
5:49 of 1st period - Wrist shot by Alexander Radulov.
5:49 of 1st period - Stopped by Cam Ward without a rebound.
5:50 of 1st period - Cody Hodgson wins face-off versus Mikkel Boedker in Avalanche zone.
5:59 of 1st period - Snap shot by Joe Thornton.
5:59 of 1st period - Shot Blocked by Marc Staal.
6:36 of 1st period - Snap shot by Charlie Coyle.
6:36 of 1st period - Stopped by Cory Schneider with a rebound.
6:38 of 1st period - Slapshot by Jack Johnson.
6:38 of 1st period - Stopped by Cory Schneider with a rebound.
6:48 of 1st period - Wrist shot by Vincent Trocheck.
6:48 of 1st period - Shot Misses the Net.
6:50 of 1st period - Slapshot by Jack Johnson.
6:50 of 1st period - Deflect By Victor Hedman.
6:50 of 1st period - Stopped by Cory Schneider without a rebound.
6:51 of 1st period - Bryan Little wins face-off versus Cody Hodgson in Capitals zone.
7:17 of 1st period - Icing by Patrick Kane.
7:18 of 1st period - Charlie Coyle wins face-off versus Logan Couture in Capitals zone.
7:19 of 1st period - Wrist shot by Ilya Kovalchuk.
7:19 of 1st period - Shot Misses the Net.
7:39 of 1st period - Minor Penalty to Joel Edmundson for Roughing.
7:40 of 1st period - Cody Hodgson wins face-off versus Mikkel Boedker in Avalanche zone.
8:09 of 1st period - Jack Johnson is hit by Patrick Kane.
9:27 of 1st period - Trevor Daley is hit by Bryan Little and loses puck.
9:39 of 1st period - Penalty to Joel Edmundson is over, Joel Edmundson is back on ice.
9:50 of 1st period - Snap shot by Alexander Radulov.
9:50 of 1st period - Stopped by Cam Ward without a rebound.
9:51 of 1st period - Brad Richardson wins face-off versus Charlie Coyle in Avalanche zone.
9:52 of 1st period - Wrist shot by Blake Pietila.
9:52 of 1st period - Goal by Blake Pietila - Capitals : 2 - Avalanche : 1.
9:53 of 1st period - Bryan Little wins face-off versus Cody Hodgson in neutral zone.
10:25 of 1st period - Snap shot by Patrick Sharp.
10:25 of 1st period - Shot Blocked by Tomas Fleischmann.
10:27 of 1st period - Slapshot by Alexei Marchenko.
10:27 of 1st period - Shot Misses the Net.
10:35 of 1st period - Minor Penalty to Colten Teubert for Elbowing.
10:36 of 1st period - Cody Hodgson wins face-off versus Mikkel Boedker in Avalanche zone.
11:08 of 1st period - Snap shot by Patrick Kane.
11:08 of 1st period - Goal by Patrick Kane - Capitals : 3 - Avalanche : 1.
11:09 of 1st period - Mikkel Boedker wins face-off versus Joe Thornton in neutral zone.
11:35 of 1st period - Jack Johnson is hit by Jason Spezza and loses puck.
11:44 of 1st period - Wrist shot by Logan Couture.
11:44 of 1st period - Shot Misses the Net.
11:46 of 1st period - Snap shot by Milan Michalek.
11:46 of 1st period - Stopped by Cam Ward without a rebound.
11:47 of 1st period - Alexander Radulov wins face-off versus Bryan Little in Avalanche zone.
12:21 of 1st period - Snap shot by Erik Karlsson.
12:21 of 1st period - Stopped by Cory Schneider with a rebound.
12:23 of 1st period - Wrist shot by Vincent Trocheck.
12:23 of 1st period - Stopped by Cory Schneider with a rebound.
12:25 of 1st period - Wrist shot by Erik Karlsson.
12:25 of 1st period - Deflect By Vincent Trocheck.
12:25 of 1st period - Stopped by Cory Schneider with a rebound.
12:35 of 1st period - Tomas Fleischmann is hit by Milan Michalek and loses puck.
14:18 of 1st period - Wrist shot by Vincent Trocheck.
14:18 of 1st period - Shot Blocked by Jason Spezza.
15:36 of 1st period - Mikkel Boedker is hit by Nikita Zaitsev and loses puck.
15:45 of 1st period - Snap shot by Milan Michalek.
15:45 of 1st period - Stopped by Cam Ward without a rebound.
15:46 of 1st period - Cody Hodgson wins face-off versus Vincent Trocheck in Avalanche zone.
16:24 of 1st period - Marc Staal is hit by Jason Spezza and loses puck.
16:35 of 1st period - Sergey Kalinin is hit by Mikkel Boedker and loses puck.
16:45 of 1st period - Icing by Sergey Kalinin.
16:46 of 1st period - Patrick Sharp wins face-off versus Vincent Trocheck in Capitals zone.
16:51 of 1st period - Wrist shot by Evgeny Dadonov.
16:51 of 1st period - Shot Hit the Post.
16:53 of 1st period - Slapshot by Erik Karlsson.
16:53 of 1st period - Deflect By Patrick Sharp.
16:53 of 1st period - Stopped by Cory Schneider without a rebound.
16:54 of 1st period - Vincent Trocheck wins face-off versus Cody Hodgson in Capitals zone.
17:18 of 1st period - Off-side.
17:19 of 1st period - Brad Richardson wins face-off versus Bryan Little in neutral zone.
17:27 of 1st period - Brad Richardson is hit by Patric Hornqvist and loses puck.
17:48 of 1st period - Wrist shot by Jack Johnson.
17:48 of 1st period - Shot Blocked by Alexei Marchenko.
18:06 of 1st period - Patrick Kane is hit by James Van Riemsdyk and loses puck.
18:15 of 1st period - Slapshot by Marc Staal.
18:15 of 1st period - Stopped by Cory Schneider with a rebound.
18:17 of 1st period - Wrist shot by James Van Riemsdyk.
18:17 of 1st period - Shot Misses the Net.
18:19 of 1st period - Wrist shot by Marc Staal.
18:19 of 1st period - Stopped by Cory Schneider without a rebound.
18:20 of 1st period - Sergey Kalinin wins face-off versus Bryan Little in Capitals zone.
18:35 of 1st period - Backhand shot by Mikkel Boedker.
18:35 of 1st period - Deflect By Bryan Little.
18:35 of 1st period - Stopped by Cory Schneider with a rebound.
18:37 of 1st period - Slapshot by Mikkel Boedker.
18:37 of 1st period - Shot Hit the Post.
18:47 of 1st period - Ilya Kovalchuk is hit by Joe Thornton and loses puck.
19:26 of 1st period - Minor Penalty to Erik Karlsson for Roughing.
19:27 of 1st period - Mikkel Boedker wins face-off versus Cody Hodgson in Avalanche zone.
Goals for this period are 3 for Capitals vs 1 for Avalanche.
Shots for this period are 9 for Capitals vs 13 for Avalanche.
2nd period
0:01 of 2nd period - Mikkel Boedker wins face-off versus Cody Hodgson in neutral zone.
0:12 of 2nd period - Slapshot by Victor Hedman.
0:12 of 2nd period - Shot Misses the Net.
0:14 of 2nd period - Snap shot by Joe Thornton.
0:14 of 2nd period - Stopped by Cam Ward with a rebound.
0:36 of 2nd period - Backhand shot by Nikita Zaitsev.
0:36 of 2nd period - Stopped by Cam Ward with a rebound.
1:26 of 2nd period - Penalty to Erik Karlsson is over, Erik Karlsson is back on ice.
1:32 of 2nd period - Wrist shot by Sergey Kalinin.
1:32 of 2nd period - Deflect By Mark Stone.
1:32 of 2nd period - Shot Blocked by Jarred Tinordi.
1:32 of 2nd period - Puck is out of play.
1:33 of 2nd period - Patrick Sharp wins face-off versus Charlie Coyle in Avalanche zone.
1:58 of 2nd period - Icing by Jarred Tinordi.
1:59 of 2nd period - Cody Hodgson wins face-off versus Charlie Coyle in Avalanche zone.
2:30 of 2nd period - Ilya Kovalchuk is hit by Victor Hedman and loses puck.
2:53 of 2nd period - Wrist shot by Mikkel Boedker.
2:53 of 2nd period - Stopped by Cory Schneider without a rebound.
2:54 of 2nd period - Bryan Little wins face-off versus Cody Hodgson in Capitals zone.
3:05 of 2nd period - Snap shot by Bryan Little.
3:05 of 2nd period - Shot Blocked by Alexei Marchenko.
4:56 of 2nd period - Slapshot by Tomas Fleischmann.
4:56 of 2nd period - Stopped by Cory Schneider with a rebound.
4:58 of 2nd period - Snap shot by Tomas Fleischmann.
4:58 of 2nd period - Stopped by Cory Schneider without a rebound.
4:59 of 2nd period - Cody Hodgson wins face-off versus Charlie Coyle in Capitals zone.
5:08 of 2nd period - Slapshot by Cody Hodgson.
5:08 of 2nd period - Shot Blocked by Jack Johnson.
5:34 of 2nd period - Snap shot by Patrick Kane.
5:34 of 2nd period - Shot Misses the Net.
5:36 of 2nd period - Snap shot by Cody Hodgson.
5:36 of 2nd period - Shot Misses the Net.
5:58 of 2nd period - Snap shot by Charlie Coyle.
5:58 of 2nd period - Shot Hit the Post.
6:12 of 2nd period - Wrist shot by Patrick Kane.
6:12 of 2nd period - Deflect By Cody Hodgson.
6:12 of 2nd period - Shot Blocked by Tomas Fleischmann.
6:12 of 2nd period - Puck is out of play.
6:13 of 2nd period - Logan Couture wins face-off versus Bryan Little in Avalanche zone.
6:18 of 2nd period - Wrist shot by Logan Couture.
6:18 of 2nd period - Deflect By Milan Michalek.
6:18 of 2nd period - Shot Misses the Net.
6:18 of 2nd period - Puck is out of play.
6:19 of 2nd period - Bryan Little wins face-off versus Milan Michalek in Avalanche zone.
6:34 of 2nd period - Snap shot by Jason Spezza.
6:34 of 2nd period - Shot Misses the Net.
7:10 of 2nd period - Wrist shot by Mikkel Boedker.
7:10 of 2nd period - Shot Misses the Net.
7:12 of 2nd period - Slapshot by Erik Karlsson.
7:12 of 2nd period - Shot Misses the Net.
7:14 of 2nd period - Slapshot by Colten Teubert.
7:14 of 2nd period - Deflect By Jared Spurgeon.
7:14 of 2nd period - Stopped by Cory Schneider without a rebound.
7:15 of 2nd period - Bryan Little wins face-off versus Milan Michalek in Capitals zone.
7:20 of 2nd period - Snap shot by Patric Hornqvist.
7:20 of 2nd period - Stopped by Cory Schneider without a rebound.
7:21 of 2nd period - Bryan Little wins face-off versus Jason Spezza in Capitals zone.
7:24 of 2nd period - Snap shot by Mikkel Boedker.
7:24 of 2nd period - Shot Misses the Net.
7:26 of 2nd period - Slapshot by Mikkel Boedker.
7:26 of 2nd period - Shot Blocked by Jared Spurgeon.
7:28 of 2nd period - Slapshot by Jack Johnson.
7:28 of 2nd period - Shot Blocked by Logan Couture.
7:30 of 2nd period - Slapshot by Jack Johnson.
7:30 of 2nd period - Shot Blocked by Milan Michalek.
7:32 of 2nd period - Slapshot by Marc Staal.
7:32 of 2nd period - Shot Blocked by Jason Spezza.
7:34 of 2nd period - Wrist shot by Mikkel Boedker.
7:34 of 2nd period - Shot Blocked by Jared Spurgeon.
7:36 of 2nd period - Slapshot by Jack Johnson.
7:36 of 2nd period - Stopped by Cory Schneider with a rebound.
7:50 of 2nd period - James Van Riemsdyk is hit by Jared Spurgeon and loses puck.
9:01 of 2nd period - Snap shot by Jason Spezza.
9:01 of 2nd period - Stopped by Cam Ward with a rebound.
9:03 of 2nd period - Slapshot by Jason Spezza.
9:03 of 2nd period - Shot Misses the Net.
9:25 of 2nd period - Snap shot by James Van Riemsdyk.
9:25 of 2nd period - Shot Misses the Net.
9:51 of 2nd period - Minor Penalty to Ilya Kovalchuk for Interference.
9:52 of 2nd period - Mikkel Boedker wins face-off versus Cody Hodgson in Avalanche zone.
10:05 of 2nd period - Wrist shot by Joe Thornton.
10:05 of 2nd period - Stopped by Cam Ward without a rebound.
10:06 of 2nd period - Mikkel Boedker wins face-off versus Cody Hodgson in Avalanche zone.
11:35 of 2nd period - Cody Hodgson is hit by Jack Johnson and loses puck.
11:51 of 2nd period - Penalty to Ilya Kovalchuk is over, Ilya Kovalchuk is back on ice.
12:04 of 2nd period - Joel Edmundson is hit by Mark Stone and loses puck.
12:11 of 2nd period - Sergey Kalinin is hit by Evgeny Dadonov and loses puck.
12:26 of 2nd period - Alexander Radulov is hit by Ilya Kovalchuk and loses puck.
12:43 of 2nd period - Erik Karlsson is hit by Sergey Kalinin and loses puck.
13:16 of 2nd period - Snap shot by Patrick Kane.
13:16 of 2nd period - Stopped by Cam Ward without a rebound.
13:17 of 2nd period - Cody Hodgson wins face-off versus Charlie Coyle in Avalanche zone.
13:20 of 2nd period - Backhand shot by Patrick Kane.
13:20 of 2nd period - Shot Blocked by Colten Teubert.
13:28 of 2nd period - Alexei Marchenko is hit by Ilya Kovalchuk.
13:37 of 2nd period - Icing by Jared Spurgeon.
13:38 of 2nd period - Cody Hodgson wins face-off versus Bryan Little in Capitals zone.
13:51 of 2nd period - Slapshot by Jack Johnson.
13:51 of 2nd period - Shot Hit the Post.
13:53 of 2nd period - Slapshot by Jack Johnson.
13:53 of 2nd period - Stopped by Cory Schneider with a rebound.
13:55 of 2nd period - Snap shot by Bryan Little.
13:55 of 2nd period - Stopped by Cory Schneider with a rebound.
15:21 of 2nd period - Logan Couture is hit by Joel Edmundson and loses puck.
15:34 of 2nd period - Snap shot by Patrick Kane.
15:34 of 2nd period - Shot Blocked by Luke Witkowski.
15:56 of 2nd period - Slapshot by Sergey Kalinin.
15:56 of 2nd period - Deflect By Patrick Sharp.
15:56 of 2nd period - Stopped by Cam Ward with a rebound.
15:58 of 2nd period - Slapshot by Trevor Daley.
15:58 of 2nd period - Stopped by Cam Ward without a rebound.
15:59 of 2nd period - Bryan Little wins face-off versus Cody Hodgson in Avalanche zone.
15:59 of 2nd period - Bryan Little is hit by Joe Thornton.
16:02 of 2nd period - Minor Penalty to Patric Hornqvist for Holding.
16:03 of 2nd period - Cody Hodgson wins face-off versus Mikkel Boedker in Avalanche zone.
16:34 of 2nd period - Nikita Zaitsev is hit by Mikkel Boedker and loses puck.
16:57 of 2nd period - Snap shot by Logan Couture.
16:57 of 2nd period - Stopped by Cam Ward without a rebound.
16:58 of 2nd period - Bryan Little wins face-off versus Cody Hodgson in Avalanche zone.
17:03 of 2nd period - Slapshot by Bryan Little.
17:03 of 2nd period - Shot Blocked by Trevor Daley.
18:02 of 2nd period - Penalty to Patric Hornqvist is over, Patric Hornqvist is back on ice.
18:07 of 2nd period - Wrist shot by Alexander Radulov.
18:07 of 2nd period - Deflect By Blake Pietila.
18:07 of 2nd period - Stopped by Cam Ward without a rebound.
18:08 of 2nd period - Alexander Radulov wins face-off versus Charlie Coyle in Avalanche zone.
18:40 of 2nd period - Snap shot by Bryan Little.
18:40 of 2nd period - Goal by Bryan Little - Capitals : 3 - Avalanche : 2.
18:41 of 2nd period - Cody Hodgson wins face-off versus Bryan Little in neutral zone.
18:50 of 2nd period - Wrist shot by Cody Hodgson.
18:50 of 2nd period - Stopped by Cam Ward without a rebound.
18:51 of 2nd period - Cody Hodgson wins face-off versus Bryan Little in Avalanche zone.
19:24 of 2nd period - Snap shot by Cody Hodgson.
19:24 of 2nd period - Shot Misses the Net.
19:50 of 2nd period - Snap shot by Cody Hodgson.
19:50 of 2nd period - Stopped by Cam Ward with a rebound.
19:58 of 2nd period - Snap shot by Patrick Kane.
19:58 of 2nd period - Shot Blocked by Mikkel Boedker.
Goals for this period are 0 for Capitals vs 1 for Avalanche.
Shots for this period are 11 for Capitals vs 9 for Avalanche.
3rd period
0:01 of 3rd period - Bryan Little wins face-off versus Logan Couture in neutral zone.
1:22 of 3rd period - Patrick Sharp is hit by Bryan Little and loses puck.
1:30 of 3rd period - Slapshot by Jack Johnson.
1:30 of 3rd period - Shot Blocked by Victor Hedman.
1:44 of 3rd period - Snap shot by Mikkel Boedker.
1:44 of 3rd period - Stopped by Cory Schneider without a rebound.
1:45 of 3rd period - Charlie Coyle wins face-off versus Cody Hodgson in Capitals zone.
2:54 of 3rd period - Snap shot by Martin Samuelsson.
2:54 of 3rd period - Stopped by Cory Schneider with a rebound.
3:10 of 3rd period - Brad Richardson is hit by Tomas Fleischmann and loses puck.
4:17 of 3rd period - Snap shot by Sergey Kalinin.
4:17 of 3rd period - Stopped by Cam Ward with a rebound.
4:35 of 3rd period - Marc Staal is hit by Alexander Radulov and loses puck.
5:12 of 3rd period - Vincent Trocheck is hit by Joe Thornton and loses puck.
5:27 of 3rd period - Wrist shot by Jason Spezza.
5:27 of 3rd period - Shot Misses the Net.
5:29 of 3rd period - Wrist shot by Milan Michalek.
5:29 of 3rd period - Shot Blocked by Jarred Tinordi.
5:31 of 3rd period - Wrist shot by Logan Couture.
5:31 of 3rd period - Shot Misses the Net.
5:33 of 3rd period - Slapshot by Alexei Marchenko.
5:33 of 3rd period - Shot Misses the Net.
5:35 of 3rd period - Slapshot by Nikita Zaitsev.
5:35 of 3rd period - Stopped by Cam Ward with a rebound.
5:45 of 3rd period - Patric Hornqvist is hit by Jared Spurgeon and loses puck.
6:10 of 3rd period - Mikkel Boedker is hit by Victor Hedman.
6:48 of 3rd period - Jack Johnson is hit by Blake Pietila.
7:14 of 3rd period - Sergey Kalinin is hit by James Van Riemsdyk and loses puck.
7:31 of 3rd period - Patrick Kane is hit by Luke Witkowski and loses puck.
8:04 of 3rd period - Snap shot by Sergey Kalinin.
8:04 of 3rd period - Stopped by Cam Ward with a rebound.
8:06 of 3rd period - Backhand shot by Jared Spurgeon.
8:06 of 3rd period - Shot Blocked by Erik Karlsson.
8:08 of 3rd period - Snap shot by Mark Stone.
8:08 of 3rd period - Stopped by Cam Ward with a rebound.
8:20 of 3rd period - Minor Penalty to James Van Riemsdyk for High sticking.
8:21 of 3rd period - Cody Hodgson wins face-off versus Mikkel Boedker in Avalanche zone.
8:52 of 3rd period - Marc Staal is hit by Patrick Kane and loses puck.
10:20 of 3rd period - Penalty to James Van Riemsdyk is over, James Van Riemsdyk is back on ice.
10:50 of 3rd period - Cameron Gaunce is hit by Jarred Tinordi.
10:54 of 3rd period - Cameron Gaunce is hit by Tomas Fleischmann and loses puck.
12:18 of 3rd period - Nikita Zaitsev is hit by Jack Johnson and loses puck.
12:41 of 3rd period - Jared Spurgeon is hit by Martin Samuelsson.
13:07 of 3rd period - Joel Edmundson is hit by Blake Pietila and loses puck.
13:16 of 3rd period - Alexander Radulov is hit by Evgeny Dadonov and loses puck.
13:23 of 3rd period - Snap shot by Vincent Trocheck.
13:23 of 3rd period - Deflect By James Van Riemsdyk.
13:23 of 3rd period - Shot Misses the Net.
13:23 of 3rd period - Puck is out of play.
13:24 of 3rd period - Charlie Coyle wins face-off versus Cody Hodgson in Capitals zone.
13:25 of 3rd period - Slapshot by Ilya Kovalchuk.
13:25 of 3rd period - Goal by Ilya Kovalchuk - Capitals : 3 - Avalanche : 3.
13:26 of 3rd period - Bryan Little wins face-off versus Cody Hodgson in neutral zone.
13:43 of 3rd period - Slapshot by Patrick Kane.
13:43 of 3rd period - Stopped by Cam Ward without a rebound.
13:44 of 3rd period - Logan Couture wins face-off versus Charlie Coyle in Avalanche zone.
14:05 of 3rd period - Wrist shot by Patrick Kane.
14:05 of 3rd period - Stopped by Cam Ward with a rebound.
14:07 of 3rd period - Snap shot by Patrick Kane.
14:07 of 3rd period - Shot Misses the Net.
14:50 of 3rd period - Icing by Milan Michalek.
14:51 of 3rd period - Logan Couture wins face-off versus Charlie Coyle in Capitals zone.
14:51 of 3rd period - Logan Couture is hit by Ilya Kovalchuk.
15:26 of 3rd period - Slapshot by Ilya Kovalchuk.
15:26 of 3rd period - Stopped by Cory Schneider with a rebound.
15:28 of 3rd period - Wrist shot by Tomas Fleischmann.
15:28 of 3rd period - Stopped by Cory Schneider without a rebound.
15:29 of 3rd period - Bryan Little wins face-off versus Brad Richardson in Capitals zone.
15:30 of 3rd period - Snap shot by Mikkel Boedker.
15:30 of 3rd period - Shot Misses the Net.
15:40 of 3rd period - Slapshot by Blake Pietila.
15:40 of 3rd period - Deflect By Brad Richardson.
15:40 of 3rd period - Stopped by Cam Ward with a rebound.
16:03 of 3rd period - Wrist shot by Bryan Little.
16:03 of 3rd period - Shot Misses the Net.
16:05 of 3rd period - Snap shot by Bryan Little.
16:05 of 3rd period - Stopped by Cory Schneider without a rebound.
16:06 of 3rd period - Sergey Kalinin wins face-off versus Vincent Trocheck in Capitals zone.
16:08 of 3rd period - Minor Penalty to Mark Stone for Tripping.
16:09 of 3rd period - Logan Couture wins face-off versus Bryan Little in Capitals zone.
16:45 of 3rd period - Slapshot by Jack Johnson.
16:45 of 3rd period - Deflect By Ilya Kovalchuk.
16:45 of 3rd period - Deflect By Nikita Zaitsev.
16:45 of 3rd period - Stopped by Cory Schneider with a rebound.
17:11 of 3rd period - Colten Teubert is hit by Patrick Kane and loses puck.
18:08 of 3rd period - Penalty to Mark Stone is over, Mark Stone is back on ice.
18:20 of 3rd period - Snap shot by James Van Riemsdyk.
18:20 of 3rd period - Stopped by Cory Schneider with a rebound.
18:22 of 3rd period - Slapshot by Evgeny Dadonov.
18:22 of 3rd period - Shot Misses the Net.
18:24 of 3rd period - Slapshot by James Van Riemsdyk.
18:24 of 3rd period - Shot Misses the Net.
18:26 of 3rd period - Slapshot by Jarred Tinordi.
18:26 of 3rd period - Deflect By James Van Riemsdyk.
18:26 of 3rd period - Shot Blocked by Alexei Marchenko.
18:26 of 3rd period - Puck is out of play.
18:27 of 3rd period - Patrick Kane wins face-off versus Charlie Coyle in Capitals zone.
18:32 of 3rd period - Slapshot by Nikita Zaitsev.
18:32 of 3rd period - Shot Blocked by Erik Karlsson.
18:34 of 3rd period - Slapshot by Nikita Zaitsev.
18:34 of 3rd period - Stopped by Cam Ward with a rebound.
18:36 of 3rd period - Slapshot by Victor Hedman.
18:36 of 3rd period - Stopped by Cam Ward with a rebound.
19:03 of 3rd period - Sergey Kalinin is hit by Evgeny Dadonov and loses puck.
19:54 of 3rd period - Colten Teubert is hit by Nikita Zaitsev and loses puck.
Goals for this period are 0 for Capitals vs 1 for Avalanche.
Shots for this period are 9 for Capitals vs 8 for Avalanche.
Overtime #1
0:01 of 1st overtime period - Cody Hodgson wins face-off versus Mikkel Boedker in neutral zone.
0:04 of 1st overtime period - Patric Hornqvist is hit by Nikita Zaitsev and loses puck.
0:12 of 1st overtime period - Icing by Jack Johnson.
0:13 of 1st overtime period - Mikkel Boedker wins face-off versus Cody Hodgson in Avalanche zone.
0:13 of 1st overtime period - Mikkel Boedker is hit by Patrick Kane.
2:07 of 1st overtime period - Alexei Marchenko is hit by Patric Hornqvist and loses puck.
2:53 of 1st overtime period - Patrick Kane is hit by Luke Witkowski and loses puck.
3:27 of 1st overtime period - Cameron Gaunce is hit by Colten Teubert and loses puck.
4:08 of 1st overtime period - Luke Witkowski is hit by Cameron Gaunce and loses puck.
4:30 of 1st overtime period - Icing by Evgeny Dadonov.
4:31 of 1st overtime period - Mikkel Boedker wins face-off versus Jason Spezza in Avalanche zone.
Goals for this period are 0 for Capitals vs 0 for Avalanche.
Shots for this period are 0 for Capitals vs 0 for Avalanche.
ShootOut
5:00 of 1st overtime period - Round #1.
5:00 of 1st overtime period - Capitals, Jason Spezza.
5:00 of 1st overtime period - Deke by Jason Spezza.
5:00 of 1st overtime period - Shot Misses the Net.
5:00 of 1st overtime period - Avalanche, Mikkel Boedker.
5:00 of 1st overtime period - Wrist shot by Mikkel Boedker.
5:00 of 1st overtime period - Shot Misses the Net.
5:00 of 1st overtime period - Round #2.
5:00 of 1st overtime period - Capitals, Cody Hodgson.
5:00 of 1st overtime period - Backhand shot by Cody Hodgson.
5:00 of 1st overtime period - Stopped by Cam Ward.
5:00 of 1st overtime period - Avalanche, Patric Hornqvist.
5:00 of 1st overtime period - Wrist shot by Patric Hornqvist.
5:00 of 1st overtime period - Shot Misses the Net.
5:00 of 1st overtime period - Round #3.
5:00 of 1st overtime period - Capitals, Patrick Kane.
5:00 of 1st overtime period - Snap shot by Patrick Kane.
5:00 of 1st overtime period - Stopped by Cam Ward.
5:00 of 1st overtime period - Avalanche, Ilya Kovalchuk.
5:00 of 1st overtime period - Snap shot by Ilya Kovalchuk.
5:00 of 1st overtime period - Goal by Ilya Kovalchuk.